 Dungeon Crawl Stone Soup version 0.16-a0-1127-g2ad92fb (console) character file.

137841 purpyduyusei the Unseen (level 16, -2/113 HPs)
             Began as a Vampire Assassin on Oct 6, 2014.
             Was the Champion of Sif Muna.
             Slain by a seven-headed hydra (14 damage)
             ... on level 5 of the Swamp on Oct 7, 2014.
             The game lasted 04:46:26 (36568 turns).

purpyduyusei the Unseen (Vampire Assassin)         Turns: 36568, Time: 04:46:26

Health: -2/113     AC: 11    Str: 10    XL:     16   Next: 69%
Magic:  30/34      EV: 24    Int: 16    God:    Sif Muna [******]
Gold:   2004       SH:  0    Dex: 17    Spells: 4 memorised, 19 levels left

rFire  + . .     SeeInvis +     a - +10 quick blade of Disarray {stab, rF+}
rCold  . . .     Clarity  .     R - -1 leather armour of Insecurity {Slay+5}
rNeg   + . .     SustAb   .     (no shield)
rPois  +         Gourm    .     s - +1 helmet {SInv}
rElec  .         Spirit   .     d - +1 cloak
rCorr  .         Warding  .     D - +1 pair of gloves
rMut   .         Stasis   .     m - +1 pair of boots {+Jump}
MR     +....                    (no amulet)
Stlth  +++++++...               h - ring of poison resistance
                                z - +5 ring of evasion {=R}

@: exhausted, somewhat resistant to hostile enchantments, extremely stealthy
A: bottle blood, fangs 3, see invisible, mutation resistance 1, unbreathing
a: Bat Form, Bottle Blood, Channel Energy, Forget Spell, Renounce Religion,
Evoke Jump Attack


You were on level 5 of the Swamp.
You worshipped Sif Muna.
Sif Muna was exalted by your worship.
You were not thirsty.

You visited 6 branches of the dungeon, and saw 34 of its levels.
You also visited: Labyrinth, Ossuary, Bailey and Volcano.

You collected 3155 gold pieces.
You spent 1151 gold pieces at shops.

Inventory:

Hand weapons
 a - the +10 quick blade of Disarray (weapon) {stab, rF+}
   (You acquired it on level 3 of the Lair of Beasts)

   It inflicts extra damage upon your enemies.
   It protects you from fire.
 b - a +0 blowgun
 k - a +1 dagger of electrocution
Missiles
 e - 94 poisoned needles
 f - 13 curare-tipped needles
 g - 5 needles of frenzy
 i - 6 needles of sleeping
 S - 17 throwing nets (quivered)
Armour
 d - a +1 cloak (worn)
 j - a +2 robe of magic resistance
 m - a +1 pair of boots of jumping (worn)
 s - a +1 helmet of see invisible (worn)
 D - a +1 pair of gloves (worn)
 K - the +2 robe of Kleptomania {Str+3 Dex+4}
   (You found it on level 4 of the Swamp)

   It affects your strength (+3).
   It affects your dexterity (+4).
 R - the -1 leather armour of Insecurity (worn) {Slay+5}
   (You took it off a minotaur in a labyrinth)

   It affects your accuracy and damage with ranged weapons and melee attacks
   (+5).
Magical devices
 w - a wand of draining (5)
 A - a wand of teleportation (4)
 F - a wand of fireball (4)
 G - a wand of digging (6)
 L - a wand of digging (15)
 P - a wand of disintegration (11)
 T - a wand of digging (13)
Scrolls
 l - 3 scrolls of silence
 o - 10 scrolls of remove curse
 q - 3 scrolls of magic mapping
 t - 5 scrolls of fog
 y - 4 scrolls of blinking
 I - 7 scrolls of identify
 M - 2 scrolls of vulnerability
 O - 4 scrolls of fear
 W - 4 scrolls of teleportation
 Z - 2 scrolls of summoning
Jewellery
 c - the ring "Vobop" {-Tele AC+4 Int+1}
   (You found it on level 8 of the Lair of Beasts)

   [ring of protection]

   It affects your AC (+4).
   It affects your intelligence (+1).
   It prevents most forms of teleportation.
 h - a ring of poison resistance (right hand)
 n - an uncursed ring of flight
 r - an uncursed ring of ice
 v - an uncursed ring of protection from cold
 z - a +5 ring of evasion (left hand) {=R}
 Q - an uncursed ring of protection from fire
 X - a +5 ring of slaying
Potions
 x - 3 potions of haste
 B - 8 potions of curing
 C - 5 potions of agility
 E - a potion of invisibility
 N - 4 potions of cancellation
 U - 4 potions of might
 V - 4 potions of heal wounds
 Y - 4 potions of blood
Books
 J - Sif Muna's Handbook of Helpful Curses
   (Sif Muna gifted it to you on level 3 of the Swamp)

   Spells                             Type                      Level
   Song of Slaying                    Charms                       2
   Dazzling Spray                     Conjuration/Hexes            3
   Spectral Weapon                    Hexes/Charms                 3
   Inner Flame                        Hexes/Fire                   3
   Tukima's Dance                     Hexes                        3
   *Haste                             Charms                       6
Rods
 p - a +8 rod of inaccuracy (12/12)
   (You found it in a labyrinth)
 u - a +4 rod of the swarm (9/9)
   (You found it on level 1 of the Lair of Beasts)
 H - a +4 rod of the swarm (14/14)
   (You took it off a minotaur in a labyrinth)


   Skills:
 - Level 6.8 Fighting
 - Level 9.1 Short Blades
   Level 2.2(4.8) Slings
 - Level 6.7(7.0) Throwing
 - Level 4.4 Armour
 + Level 11.4 Dodging
 - Level 15.4 Stealth
 - Level 10.9 Spellcasting
 - Level 14.6 Hexes
 - Level 9.4 Charms
 - Level 4.4 Transmutations
 - Level 6.4 Ice Magic
 - Level 6.7 Earth Magic
 - Level 3.8 Invocations
 - Level 10.0 Evocations


You had 19 spell levels left.
You knew the following spells:

 Your Spells              Type           Power        Failure   Level  Hunger
a - Passwall              Trmt/Erth      ####......   2%          3    None
b - Invisibility          Hex            ######..     3%          6    ######.
c - Ensorcelled Hibernat  Hex/Ice        #####.       1%          2    None
d - Haste                 Chrm           #####...     28%         6    ######.


Dungeon Overview and Level Annotations

Branches:
Dungeon (15/15)            Temple (1/1) D:7             Orc (4/4) D:9
    Elf (0/3) Orc:3          Lair (8/8) D:10          Swamp (5/5) Lair:3
  Snake (0/5) Lair:3        Slime (0/6) Lair:8       Vaults (0/5) D:14
 Depths (1/5) D:15

Altars:
Ashenzari
Cheibriados
Dithmenos
Elyvilon
Fedhas
Gozag
Kikubaaqudgha
Makhleb
Nemelex Xobeh
Okawaru
Qazlal
Ru
Sif Muna
Trog
Vehumet
Xom
Yredelemnul
Zin
The Shining One
Beogh
Jiyva

Shops:
D:5 =   D:6 (   D:7 (   D:8 !   D:13 *   D:14 [   Orc:1 [   Orc:2 [   Orc:4 [:(

Portals:
Trove: D:15 (give +5 demon whip)

Annotations:
Swamp:1 exclusion: ice statue


Innate Abilities, Weirdness & Mutations

You can bottle blood from corpses.
You have razor-sharp teeth.
You have supernaturally acute eyesight.
You can survive without breathing.
You are somewhat resistant to further mutation.


Message History

Unknown command.
Use which ability? (? or * to list)
Okay, then.
Unknown command.
Use which ability? (? or * to list)
Aiming: Jump Attack
Press: ? - help, Dir - move target cursor Really jump-attack where there is no visible monster?
You jump-attack!
There is nothing there, so you fail to move!
You feel somewhat more thirsty. The seven-headed hydra misses you.
The seven-headed hydra bites you!
* * * LOW HITPOINT WARNING * * *
The seven-headed hydra completely misses you.
The seven-headed hydra bites you!
* * * LOW HITPOINT WARNING * * *
The seven-headed hydra bites you.
* * * LOW HITPOINT WARNING * * *
The seven-headed hydra bites you!
You die...

♣≈≈≈..≈.♣
♣.≈.♣.≈♣
♣♣♣♣≈≈≈♣≈♣ ♣
♣≈≈.≈≈≈.≈# ♣..
♣..≈≈≈≈%♣#
≈≈≈♣♣≈≈≈≈≈≈.♣#
.♣♣♣≈≈≈≈≈≈≈≈D≈#
...≈≈≈.≈≈≈.D♣♣≈♣
♣≈≈≈.≈.<≈@≈♣ ≈≈≈
♣♣..§♣♣≈≈(.≈♣♣♣D♣
♣≈≈≈ ♣♣♣≈.≈.♣ ≈.§
♣♣ ♣♣♣.≈♣ ≈. ≈...
. ≈≈..( .... ...


You could see a seven-headed hydra and a swamp dragon.

Vanquished Creatures
  Maud (D:15)
  An orc warlord (Orc:4)
  A very ugly thing (Swamp:2)
  2 rakshasas (D:15)
  The ghost of Yxhuvud the Hoplite, a powerful FoFi of Qazlal (D:14)
  A minotaur (Lab)
  A yaktaur captain (D:14)
  A fire dragon (D:14)
  Harold (Lair:2)
  2 shambling mangroves
  2 merfolk avatars (Swamp:3)
  16 hydras
  Erica (Lair:7)
  5 alligators
  2 ogre magi (D:15)
  7 death yaks
  An orc high priest (Orc:4)
  A catoblepas (Lair:5)
  A giant orange brain (D:15)
  A spriggan druid (Swamp:4)
  3 black mambas
  6 orc knights
  An unseen horror (D:15)
  4 swamp dragons
  9 hill giants
  2 wolf spiders (Orc:3)
  An oklob plant (Lair:2)
  A griffon (Lair:7)
  3 orc sorcerers
  A manticore (shapeshifter) (D:15)
  A red wasp (shapeshifter) (D:15)
  13 ugly things
  2 manticores
  3 cyclopes
  17 elephants
  3 toenail golems (Volcano)
  A black mamba (shapeshifter) (D:15)
  A torpor snail (Lair:3)
  16 spiny frogs
  Psyche (Lair:1)
  4 gargoyles (Lab)
  8 komodo dragons
  A kobold demonologist (D:13)
  2 yaktaurs (D:14)
  A freezing wraith (D:14)
  2 fire drakes
  A hydra zombie (D:13)
  2 polar bears (D:12)
  Sonja (D:10)
  A wind drake (shapeshifter) (D:13)
  10 trolls
  11 ravens
  Prince Ribbit (D:8)
  3 two-headed ogres
  16 blink frogs
  6 giant leeches
  6 basilisks
  2 griffon zombies
  21 slime creatures
  6 bog bodies
  3 baby alligators (Swamp:2)
  2 boulder beetles (Lair:7)
  3 trapdoor spiders
  A tarantella (Orc:3)
  7 spriggans
  6 wyverns
  2 wraiths
  2 shadows
  2 deep elf magi (D:12)
  30 vampire mosquitoes
  16 humans
  A hill giant skeleton (D:15)
  Grum (Orc:1)
  7 hippogriffs
  6 hungry ghosts
  A steam dragon (D:9)
  18 yaks
  2 nagas (Lair:3)
  3 wargs
  Edmund (Lair:1)
  19 swamp worms
  9 wolves
  9 porcupines
  A spider (Orc:3)
  15 water moccasins
  5 swamp drakes
  9 yellow wasps
  6 ice beasts
  43 orc warriors
  6 boring beetles
  A black bear (D:10)
  2 sky beasts
  A mottled dragon (D:11)
  12 ogres
  15 crocodiles
  6 centaurs
  A manticore skeleton (D:15)
  7 phantoms
  Sigmund (D:3)
  29 giant frogs
  3 big kobolds
  A cyclops zombie (D:15)
  A jelly (D:6)
  11 killer bees
  An orc simulacrum (D:12)
  5 scorpions
  A troll skeleton (D:9)
  9 wights
  7 crimson imps
  4 centaur zombies
  4 electric eels
  2 goliath beetles
  A giant frog zombie (D:9)
  10 hounds
  2 quasits
  7 iguanas
  26 orc priests
  41 orc wizards
  16 sheep
  13 worker ants
  6 big kobold zombies
  An elf simulacrum (D:12)
  A giant frog simulacrum (D:12)
  A hound skeleton (D:5)
  7 mummies
  3 gnolls (D:8)
  A scorpion zombie (D:10)
  75 green rats
  23 adders
  2 giant mites
  2 shadow imps
  5 white imps (D:12)
  A worm (D:5)
  4 ufetubi (D:12)
  2 adder zombies (D:5)
  4 giant geckos
  220 orcs
  3 ball pythons
  8 giant cockroaches
  19 goblins
  21 hobgoblins
  21 jackals
  11 quokkas
  16 bats
  3 giant newts
  6 hobgoblin zombies (Ossuary)
  25 kobolds
  A kobold skeleton (D:5)
  A kobold zombie (D:6)
  An orc skeleton (D:8)
  3 orc zombies
  15 rats
  A bush (Lair:2)
  A butterfly (Lair:8)
1233 creatures vanquished.

Vanquished Creatures (collateral kills)
  2 merfolk avatars (Swamp:3)
  Erolcha (D:9)
  A spiny frog (Lair:7)
  3 yaks (Lair:3)
  A porcupine (Lair:7)
  A giant frog (Lair:8)
  A scorpion (Lab)
  A worker ant (Lab)
  7 green rats (Lair:3)
  A worm (Lab)
19 creatures vanquished.

Vanquished Creatures (others)
  An eldritch tentacle (Lair:8)
  3 drowned souls (Swamp:3)
  A vampire mosquito (Swamp:3)
  A yellow wasp (D:14)
  A spider (Lab)
  A scorpion (Lair:1)
  3 killer bees
  A goliath beetle (Swamp:3)
  5 worker ants
  2 worms
  A butterfly (Lab)
  116 eldritch tentacle segments (Lair:8)
  4 fungi
140 creatures vanquished.

Grand Total: 1392 creatures vanquished

Notes
Turn   | Place    | Note
--------------------------------------------------------------
     0 | D:1      | purpyduyusei, the Vampire Assassin, began the quest for the Orb.
     0 | D:1      | Reached XP level 1. HP: 16/16 MP: 1/1
   219 | D:1      | Reached XP level 2. HP: 17/22 MP: 2/2
   643 | D:3      | Noticed Sigmund
   644 | D:3      | Found an iron altar of Okawaru.
   667 | D:3      | Killed Sigmund
   667 | D:3      | Reached XP level 3. HP: 4/27 MP: 3/3
   667 | D:3      | Reached XP level 4. HP: 4/33 MP: 4/4
  1307 | D:3      | Reached XP level 5. HP: 38/38 MP: 5/5
  1816 | D:3      | Found a shimmering altar of Xom.
  1817 | D:3      | Found an ancient bone altar of Kikubaaqudgha.
  2007 | D:4      | Noticed a phantom
  2151 | D:4      | Found a sacrificial altar of Ru.
  2174 | D:4      | Noticed a centaur
  2189 | D:4      | Killed a centaur
  2189 | D:4      | Reached XP level 6. HP: 24/44 MP: 6/6
  2382 | D:4      | Killed a phantom
  2382 | D:4      | Reached skill level 5 in Throwing
  2748 | D:4      | Reached XP level 7. HP: 44/51 MP: 7/7
  2805 | D:5      | Entered Level 5 of the Dungeon
  3041 | D:5      | Found Raolavev's Jewellery Emporium.
  3172 | D:5      | Found a shadowy altar of Dithmenos.
  3712 | D:5      | Reached skill level 5 in Short Blades
  4208 | D:6      | Found a sand-covered staircase.
  4252 | D:6      | Reached XP level 8. HP: 57/60 MP: 8/8
  4394 | Ossuary  | Entered an ossuary
  4502 | Ossuary  | Reached skill level 6 in Stealth
  5137 | D:6      | Found Naonuulu's Weapon Emporium.
  5335 | D:6      | Reached skill level 7 in Stealth
  5566 | D:6      | Reached skill level 1 in Slings
  5728 | D:7      | Found Stiumuh's Antique Weapon Shop.
  6374 | D:8      | Found Erphaqilif's Distillery.
  6859 | D:7      | Found a staircase to the Ecumenical Temple.
  6875 | Temple   | Entered the Ecumenical Temple
  7241 | D:8      | Reached skill level 1 in Spellcasting
  7288 | D:8      | Reached XP level 9. HP: 56/65 MP: 15/15
  7436 | D:8      | Found a bloodstained altar of Trog.
  7813 | D:8      | Noticed Prince Ribbit
  7840 | D:8      | Killed Prince Ribbit
  7840 | D:8      | Reached skill level 5 in Dodging
  8354 | D:9      | Found an iron altar of Okawaru.
  8372 | D:9      | Noticed Erolcha
  8479 | D:9      | Reached skill level 8 in Short Blades
  8490 | D:9      | Found a staircase to the Orcish Mines.
  8580 | D:9      | Found a flagged portal.
  8717 | Bailey   | Entered a bailey
  8942 | Bailey   | Reached XP level 10. HP: 69/71 MP: 19/19
  9064 | Bailey   | Reached skill level 5 in Evocations
  9114 | Bailey   | Noticed an orc knight
  9147 | Bailey   | Killed an orc knight
  9211 | Bailey   | Noticed an orc knight
  9223 | Bailey   | Killed an orc knight
  9253 | Bailey   | Noticed an orc knight
  9289 | Bailey   | Killed an orc knight
  9331 | Bailey   | Noticed an orc knight
  9373 | Bailey   | Killed an orc knight
  9765 | D:10     | Entered Level 10 of the Dungeon
  9865 | D:10     | Noticed a hill giant
  9873 | D:10     | Noticed a hill giant
  9897 | D:10     | Killed a hill giant
  9897 | D:10     | Reached skill level 10 in Stealth
 10018 | D:10     | Killed a hill giant
 10018 | D:10     | Reached skill level 11 in Stealth
 10248 | D:9      | Found a shattered altar of Ashenzari.
 10257 | D:9      | Found a basalt altar of Yredelemnul.
 10449 | D:9      | Killed Erolcha
 10449 | D:9      | Reached XP level 11. HP: 50/77 MP: 20/20
 10518 | D:9      | Reached skill level 12 in Stealth
 10738 | D:5      | Bought a cursed amulet of inaccuracy for 26 gold pieces
 10738 | D:5      | Bought a +3 ring of evasion for 273 gold pieces
 10738 | D:5      | Bought a cursed ring of teleportation for 188 gold pieces
 12004 | D:3      | Found an iron altar of Okawaru.
 12058 | D:3      | Found a shimmering altar of Xom.
 12059 | D:3      | Found an ancient bone altar of Kikubaaqudgha.
 12233 | D:3      | Found an iron altar of Okawaru.
 12250 | D:3      | Found an ancient bone altar of Kikubaaqudgha.
 12251 | D:3      | Found a shimmering altar of Xom.
 12544 | D:4      | Found a sacrificial altar of Ru.
 12994 | D:5      | Found Raolavev's Jewellery Emporium.
 13195 | D:5      | Found a shadowy altar of Dithmenos.
 13534 | D:6      | Found Naonuulu's Weapon Emporium.
 13786 | D:7      | Reached XP level 12. HP: 83/88 MP: 22/22
 14257 | D:10     | Noticed Sonja
 14282 | D:10     | Killed Sonja
 14404 | D:10     | Found a staircase to the Lair.
 14680 | D:11     | Reached skill level 13 in Stealth
 15045 | D:11     | Reached skill level 14 in Stealth
 15787 | D:12     | Learned a level 3 spell: Passwall
 15794 | D:12     | Learned a level 6 spell: Invisibility
 15806 | D:12     | Reached skill level 1 in Hexes
 15806 | D:12     | Reached skill level 1 in Earth Magic
 16225 | Temple   | Became a worshipper of Sif Muna the Loreminder
 16421 | Orc:1    | Entered Level 1 of the Orcish Mines
 16450 | Orc:1    | Noticed Grum
 16551 | Orc:1    | Killed Grum
 16567 | Orc:1    | Reached skill level 1 in Transmutations
 16607 | Orc:1    | Found Roqus' Antique Armour Shoppe.
 17068 | Orc:1    | Found a dark tunnel.
 17079 | Volcano  | Entered a volcano
 17373 | Volcano  | Acquired Sif Muna's first power
 17488 | Volcano  | Reached skill level 5 in Hexes
 18662 | Lair:1   | Entered Level 1 of the Lair of Beasts
 18902 | Lair:1   | Acquired Sif Muna's second power
 18902 | Lair:1   | Reached XP level 13. HP: 95/95 MP: 23/23
 19019 | Lair:1   | Identified a +4 rod of the swarm (9/9) (You found it on level 1 of the Lair of Beasts)
 19316 | Lair:1   | Noticed Edmund
 19322 | Lair:1   | Noticed Psyche
 19394 | Lair:1   | Killed Psyche
 19408 | Lair:1   | Killed Edmund
 19646 | Lair:1   | Reached skill level 10 in Hexes
 20825 | Lair:2   | Noticed Harold
 20863 | Lair:3   | Found a staircase to the Snake Pit.
 21079 | Lair:3   | Found a labyrinth entrance.
 21172 | Lab      | Entered a labyrinth
 21528 | Lab      | Found an exit through the horrors of the Abyss.
 21699 | Lab      | Identified a +8 rod of inaccuracy (12/12) (You found it in a labyrinth)
 21700 | Lab      | Identified a +4 rod of the swarm (4/14) (You took it off a minotaur in a labyrinth)
 21703 | Lab      | Got a shimmering leather armour
 21714 | Lab      | Identified the cursed -1 leather armour of Insecurity {Slay+5} (You took it off a minotaur in a labyrinth)
 21846 | Lair:3   | Reached skill level 1 in Invocations
 22027 | Lair:3   | Found a staircase to the Swamp.
 22213 | Lair:3   | Identified a scroll of acquirement
 22214 | Lair:3   | Got a steaming quick blade
 22215 | Lair:3   | Identified the +10 quick blade of Disarray {stab, rF+} (You acquired it on level 3 of the Lair of Beasts)
 23364 | Lair:5   | Acquired Sif Muna's third power
 23364 | Lair:5   | Reached skill level 5 in Spellcasting
 24196 | Lair:6   | Reached XP level 14. HP: 101/101 MP: 25/27
 24596 | Lair:7   | Noticed Erica
 24606 | Lair:7   | Killed Erica
 24690 | Lair:6   | Reached skill level 15 in Stealth
 24930 | Lair:6   | Reached skill level 10 in Evocations
 25891 | Lair:7   | Reached skill level 5 in Earth Magic
 26213 | Lair:8   | Entered Level 8 of the Lair of Beasts
 26757 | Lair:8   | Got a twitching steel ring
 26759 | Lair:8   | Identified the ring "Vobop" {-Tele AC+4 Int+1} (You found it on level 8 of the Lair of Beasts)
 26870 | Lair:8   | Found a viscous altar of Jiyva.
 26878 | Lair:8   | Found a staircase to the Slime Pits.
 26916 | Lair:8   | Noticed an eldritch tentacle
 26957 | Lair:8   | Killed an eldritch tentacle
 27302 | Lair:8   | Received a gift from Sif Muna
 27330 | Lair:8   | Identified Sif Muna's Almanac of Snow (Sif Muna gifted it to you on level 8 of the Lair of Beasts)
 27345 | Lair:8   | Learned a level 2 spell: Ensorcelled Hibernation
 27686 | Lair:2   | Killed Harold
 27686 | Lair:2   | Reached XP level 15. HP: 107/107 MP: 27/31
 28479 | D:13     | Reached skill level 1 in Ice Magic
 28522 | D:13     | Found Chuclaar's General Store.
 29175 | D:14     | Found a gate to the Vaults.
 29257 | D:14     | Noticed Yxhuvud's ghost (powerful FoFi)
 29378 | D:14     | Killed Yxhuvud's ghost
 29439 | D:14     | Identified the Collected Works on Noxious Good Luck
 29454 | D:14     | Learned a level 6 spell: Haste
 29606 | D:14     | Found Mualaur's Antique Armour Shop.
 29610 | D:14     | Bought a runed hat for 132 gold pieces
 29630 | D:14     | Received a gift from Sif Muna
 29675 | D:14     | Identified Sif Muna's Catalogue of Darkness and the Mountains (Sif Muna gifted it to you on level 14 of the Dungeon)
 29856 | D:15     | Entered Level 15 of the Dungeon
 29948 | D:15     | Found a portal to a secret trove of treasure.
 30049 | D:15     | Noticed Maud
 30061 | D:15     | Killed Maud
 30061 | D:15     | Reached skill level 10 in Spellcasting
 30286 | D:15     | Reached skill level 5 in Ice Magic
 30353 | D:15     | Found a staircase to the Depths.
 30631 | D:15     | Found a white marble altar of Elyvilon.
 30852 | Depths:1 | Entered Level 1 of the Depths
 30854 | Depths:1 | Reached skill level 1 in Charms
 31306 | Orc:1    | Bought a pair of runed gloves for 112 gold pieces
 31306 | Orc:1    | Bought a warped robe for 142 gold pieces
 31341 | Orc:1    | Identified the +0 robe of Fios {+Blink +Fly Int-2} (You bought it in a shop on level 1 of the Orcish Mines)
 31509 | Orc:2    | Found Doyn's Armour Shoppe.
 31794 | Orc:4    | Entered Level 4 of the Orcish Mines
 32100 | Orc:4    | Found a roughly hewn altar of Beogh.
 32186 | Orc:4    | Found a roughly hewn altar of Beogh.
 32334 | Orc:4    | Found Cumafoag's Antique Armour Shop.
 32334 | Orc:4    | Found a roughly hewn altar of Beogh.
 32336 | Orc:4    | Found Iwyuvuc's Antique Weapon Boutique.
 32428 | Orc:4    | Bought a pair of embroidered boots for 139 gold pieces
 32428 | Orc:4    | Bought a glowing helmet for 139 gold pieces
 32600 | Orc:4    | Found a roughly hewn altar of Beogh.
 32607 | Orc:4    | Found Grupeoto's Book Boutique.
 32732 | Orc:4    | Found a roughly hewn altar of Beogh.
 32798 | Orc:4    | Found a roughly hewn altar of Beogh.
 32825 | Orc:4    | Found a roughly hewn altar of Beogh.
 32832 | Orc:4    | Found Skoeppis' General Store.
 32848 | Orc:4    | Received a gift from Sif Muna
 32848 | Orc:4    | Reached skill level 5 in Charms
 32855 | Orc:4    | Identified Sif Muna's Reference Book on Glacial Transmutation (Sif Muna gifted it to you on level 4 of the Orcish Mines)
 33109 | Orc:3    | Found a staircase to the Elven Halls.
 33422 | Orc:3    | Reached XP level 16. HP: 105/113 MP: 28/34
 34095 | Swamp:1  | Entered Level 1 of the Swamp
 35433 | Swamp:3  | Gained mutation: You are somewhat resistant to further mutation. [potion of beneficial mutation]
 35484 | Swamp:3  | Received a gift from Sif Muna
 35508 | Swamp:3  | Identified Sif Muna's Handbook of Helpful Curses (Sif Muna gifted it to you on level 3 of the Swamp)
 36032 | Swamp:3  | Reached skill level 10 in Dodging
 36156 | Swamp:4  | Got a heavy robe
 36169 | Swamp:4  | Identified the +2 robe of Kleptomania {Str+3 Dex+4} (You found it on level 4 of the Swamp)
 36539 | Swamp:5  | Entered Level 5 of the Swamp
 36568 | Swamp:5  | Slain by a seven-headed hydra

Action                   |  1- 3 |  4- 6 |  7- 9 | 10-12 | 13-15 | 16-18 || total
-------------------------+-------+-------+-------+-------+-------+-------++-------
Melee: Dagger            |    49 |    67 |   300 |   677 |   439 |       ||  1532
       Cutlass           |       |       |       |    35 |       |       ||    35
       Quick blade       |       |       |       |       |  1254 |   231 ||  1485
 Fire: Blowgun           |     9 |    34 |    91 |   248 |   133 |     1 ||   516
       Hunting sling     |       |       |   257 |   111 |       |       ||   368
Throw: Stone             |    10 |    53 |     9 |       |       |       ||    72
       Tomahawk          |       |    10 |    26 |    24 |     1 |       ||    61
       Throwing net      |       |       |     2 |       |     5 |    16 ||    23
 Cast: Invisibility      |       |       |       |       |    22 |     8 ||    30
       Ensorcelled Hiber |       |       |       |       |     4 |    64 ||    68
 Abil: Bottle Blood      |       |     3 |    26 |    26 |     7 |     7 ||    69
       Evoke Flight      |       |       |       |     1 |     1 |       ||     2
       Evoke Jump Attack |       |       |       |       |       |     1 ||     1
Evoke: Wand              |       |       |     2 |    13 |     3 |     1 ||    19
       Rod               |       |       |       |       |    34 |     8 ||    42
       Deck              |       |       |       |       |     5 |       ||     5
  Use: Potion            |       |     1 |    15 |    31 |    18 |     7 ||    72
       Scroll            |       |       |    11 |    19 |    12 |     3 ||    45
 Stab: Sleeping          |     7 |    11 |    24 |    45 |   158 |    76 ||   321
       Distracted        |       |     3 |     1 |     3 |    10 |     2 ||    19
       Invisible         |       |       |       |     5 |    73 |    14 ||    92
       Held in net/web   |       |       |       |       |     3 |     5 ||     8
  Eat: Corpse            |       |     5 |     8 |     7 |    57 |     7 ||    84
